Unix NetHack Version 3.7.0-101 Work-in-progress - last build Mar 4 2024 02:26:32 (3c4ac04b664b9ee0831c739617f054b5b60dbfd1,branch:master). Game began 2024-03-11 13:07:30, ended 2024-03-11 13:15:23. elenmirie, neutral female gnomish Archeologist -- -----.| |.....| -.....| ........| .-.<.....| .@..>f...| ---..--..| - -- Elenmirie the Field Worker St:15 Dx:9 Co:10 In:19 Wi:13 Ch:10 Neutral Dlvl:5 $:0 HP:0(29) Pw:21(21) AC:8 Xp:4/132 T:1533 Latest messages: Adjust letter to what [hstyzE-Z] (? see used letters)? w Swapping: w - an empty uncursed sack. What do you want to adjust? [a-ru-xA-D or ?*] f Adjust letter to what [fstyzE-Z] (? see used letters)? t Moving: t - an uncursed tinning kit (0:99). What do you want to use or apply? [aegqtwxA or ?*] w You put 63 gold pieces into the sack. What do you want to put on? [x or ?*] x You are now wearing a blindfold. You can't see any more. Wait! There's something there you can't see! You lash it. You kill it! What do you want to remove? [x or ?*] x You were wearing a blindfold. You can see again. You hear crashing rock. You descend the stairs. You miss the fog cloud. You miss the fog cloud. You miss the fog cloud. You lash the fog cloud. You miss the fog cloud. You lash the fog cloud. You lash the fog cloud. The fog cloud turns to flee. You destroy the fog cloud! You stop. Coco is in the way! The iguana bites! You lash the iguana. The iguana bites! You lash the iguana. The iguana bites! You kill the iguana! You hear some noises. What do you want to zap? [qA or ?*] A A lit field surrounds you! Coco bites the newt. The newt is killed! You stop. Coco is in the way! You hear crashing rock. You fall into a pit! You land on a set of sharp iron spikes! The spikes were poisoned! The poison was deadly... Do you want your possessions identified? [ynq] (y) y Do you want to see your attributes? [ynq] (y) y Do you want an account of creatures vanquished? [ynaq] (y) y Do you want to see your conduct and achievements? [ynq] (y) y Do you want to see the dungeon overview? [ynq] (y) y Inventory: Weapons D - 13 uncursed +0 darts B - 9 cursed +0 darts m - 2 uncursed +0 daggers i - an uncursed +1 broadsword a - an uncursed +2 bullwhip (weapon in right hand) Armor c - an uncursed +0 fedora j - an uncursed +0 orcish helm n - an uncursed +0 orcish helm (being worn) l - a cursed -3 cloak of displacement b - an uncursed +0 leather jacket (being worn) Comestibles v - an uncursed cram ration d - 4 uncursed food rations p - an uncursed lembas wafer r - an uncursed tripe ration C - a cursed tripe ration Scrolls h - a blessed scroll of confuse monster u - an uncursed scroll of light Potions o - an uncursed potion of object detection Wands A - an uncursed wand of light (0:10) q - an uncursed wand of magic missile (0:2) Tools w - an uncursed sack containing 1 item x - an uncursed blindfold e - an uncursed +0 pick-axe (alternate weapon; not wielded) t - an uncursed tinning kit (0:99) Gems/Stones k - an uncursed agate stone g - an uncursed touchstone Contents of the sack: 63 gold pieces Elenmirie the Archeologist's attributes: Background: You were a Field Worker, a level 4 female gnomish Archeologist. You were neutral, nominally on a mission for Camaxtli who was opposed by Quetzalcoatl (lawful) and Huhetotl (chaotic). You were right-handed. You were in the Gnomish Mines, on level 5. You entered the dungeon 1533 turns ago. There was a new moon in effect when your adventure ended. You had 132 experience points, 28 more were needed to attain level 5. Basics: You had 0 out of 29 hit points. You had all 21 energy points (spell power). Your armor class was 8. Your wallet was empty, but you had 63 zorkmids stashed away in your pack. Autopickup was on for '$' plus thrown. Final Characteristics: Your strength was 15 (limit:18/50). Your dexterity was 9 (limit:18). Your constitution was 10 (limit:18). Your intelligence was 19 (limit:19). Your wisdom was 13 (limit:18). Your charisma was 10 (limit:18). Final Status: You were trapped in a spiked pit. You weren't hungry. You were unencumbered. You were wielding a whip. You had basic skill with whip. Final Attributes: You were devoutly aligned. You had automatic searching. You had infravision. You are dead. Miscellaneous: You never encountered a bones level. Total elapsed playing time was 7 minutes and 51 seconds. Major events: Turn 1: elenmirie the neutral female gnomish Archeologist entered the dungeon 834: attained the rank of Field Worker (level 3) 1214: entered the Gnomish Mines 1533: killed by a fall onto poison spikes Vanquished creatures: a fog cloud 2 floating eyes a giant bat 2 iguanas a coyote 2 hobbits 2 manes a large kobold a hobgoblin 2 cave spiders a yellow mold 3 gnomes 4 geckos 2 jackals 2 foxes a kobold 4 goblins a grid bug 4 lichens a kobold zombie 4 newts 42 creatures vanquished. No species were genocided or became extinct. Voluntary challenges: You followed a strict vegan diet. You were an atheist. You were illiterate. You never engraved Elbereth. You never genocided any monsters. You never polymorphed an object. You never changed form. You used no wishes. Achievements: You attained the rank of Field Worker. You entered the Gnomish Mines. The Dungeons of Doom: levels 1 to 4 Level 1: A fountain. Level 2: A fountain. Level 3: A fountain. Stairs down to The Gnomish Mines. Level 4: The Gnomish Mines: levels 4 to 5 Level 4: Level 5: <- You were here. Final resting place for you, killed by a fall onto poison spikes. Game over: ---------- / \ / REST \ / IN \ / PEACE \ / \ | elenmirie | | 63 Au | | killed by a fall | | onto poison | | spikes | | | | 2024 | *| * * * | * _________)/\\_//(\/(/\)/\//\/|_)_______ Goodbye elenmirie the Archeologist... You died in The Gnomish Mines on dungeon level 5 with 805 points, and 63 pieces of gold, after 1533 moves. You were level 4 with a maximum of 29 hit points when you died.